AoeStats
← Cuervo

Socotra

506017602Analyzed
4v4 RM · 20d ago on Sep 12, 2026· 44m 28s· 8 players
Game mode
Random Map
Map size
148×148
Population
200
Speed
Normal
Resources
Standard
Victory
Conquest
Starting age
Dark Age
Ending age
Imperial Age
RankedLock teamsTeams togetherTeam positionsShared explorationLock speedFull tech treeHidden civsTurbo modeCheats
Victory
Defeat
🇨🇱 Mapuche · Chile
1078
+14
🇺🇸 Huns · United States
1066
+15
🇩🇴 Koreans · Dominican Republic
1053
+15
🇺🇸 Hindustanis · United States
1052
+15
🇨🇱 Vietnamese · Chile
1136
-18
🇦🇷 Koreans · Argentina
1057
-15
🇦🇷 Teutons · Argentina
992
-13
🇦🇷 Mongols · Argentina
985
-13
CasquetE
8:48 Loom
11:31 Feudal Age
12:30 Town Watch
17:15 Double-Bit Axe
17:36 Fletching
23:26 Gold Mining
23:21 Horse Collar
26:56 Castle Age
25:12 Stone Mining
30:28 Bow Saw
37:27 Pikeman
40:20 Squires
41:11 Scale Barding Armor
41:08 Scale Mail Armor
41:19 Forging
41:46 Heavy Plow
42:48 Fervor
43:03 Sanctity
Cuervo
2:59 Loom
10:44 Feudal Age
13:30 Double-Bit Axe
21:46 Fletching
24:13 Gold Mining
32:22 Castle Age
31:14 Forging
31:06 Scale Mail Armor
32:54 Elite Skirmisher
33:39 Thumb Ring
33:38 Bodkin Arrow
GenericSiren331
9:53 Feudal Age
23:50 Bloodlines
25:44 Castle Age
23:36 Double-Bit Axe
24:34 Bloodlines
27:06 Husbandry
27:22 Scale Barding Armor
27:28 Forging
27:51 Gold Mining
29:22 Gold Shaft Mining
30:46 Chain Barding Armor
VZ | Thyrfing
1:34 Loom
10:39 Feudal Age
15:01 Double-Bit Axe
20:01 Horse Collar
24:51 Castle Age
24:58 Fletching
25:09 Padded Archer Armor
26:53 Gold Mining
26:50 Crossbowman
28:48 Bodkin Arrow
30:31 Wheelbarrow
34:03 Bow Saw
34:35 Ballistics
45:12 Imperial Age
44:06 Leather Archer Armor
44:18 Thumb Ring
savage!
7:55 Loom
10:41 Feudal Age
10:47 Champi Runner
11:38 Double-Bit Axe
17:21 Horse Collar
17:35 Gold Mining
20:24 Forging
20:14 Scale Mail Armor
23:59 Castle Age
35:36 Wheelbarrow
36:51 Pikeman
38:45 Chain Mail Armor
39:41 Heavy Plow
39:54 Bow Saw
43:12 Champi Warrior
NY-Radamantiz
0:34 Loom
10:33 Feudal Age
12:14 Double-Bit Axe
12:26 Horse Collar
15:25 Scale Barding Armor
21:46 Castle Age
20:13 Forging
21:50 Fletching
23:27 Bodkin Arrow
24:29 Heavy Plow
25:41 Padded Archer Armor
28:35 Leather Archer Armor
28:53 Bloodlines
29:29 Ballistics
30:29 Husbandry
30:31 Gold Mining
31:59 Chain Barding Armor
32:01 Town Watch
33:38 Iron Casting
40:57 Gold Shaft Mining
45:42 Imperial Age
43:49 Wheelbarrow
NY-HENRY
0:26 Loom
12:46 Feudal Age
24:17 Castle Age
25:52 Forging
25:43 Scale Mail Armor
31:20 Chain Mail Armor
32:44 Wheelbarrow
33:34 Fletching
34:22 Bloodlines
39:31 Husbandry
adriel.fe1123
1:16 Loom
13:23 Feudal Age
13:50 Man-at-Arms
15:14 Double-Bit Axe
20:49 Fletching
24:14 Forging
25:19 Scale Mail Armor
28:24 Castle Age
26:38 Horse Collar
31:57 Bow Saw
35:40 Gold Mining
36:43 Eupseong
36:44 Pikeman
37:24 Squires
37:13 Gambesons
38:33 Elite Skirmisher
39:18 Thumb Ring
Connection lost

Rejoining the realm…

Still unreachable

The connection could not be restored.

Session expired

The server has moved on; the page needs a fresh start.